 Dungeon Crawl Stone Soup version 0.22-a0-880-gb7b0c8b (webtiles) character file.

49 glosham the Chucker (level 3, 0/36 HPs)
             Began as an Ogre Arcane Marksman on July 30, 2018.
             Succumbed to an adder's poison
             ... on level 2 of the Dungeon.
             The game lasted 00:06:10 (316 turns).

glosham the Chucker (Ogre Arcane Marksman)           Turns: 316, Time: 00:06:11

Health: 0/36       AC:  3    Str: 14    XL:     3   Next: 77%
Magic:  4/4        EV: 10    Int: 14    God:
Gold:   17         SH:  2    Dex: 10    Spells: 3/4 levels left

rFire    . . .     SeeInvis .   a - +0 whip
rCold    . . .     Gourm    .   (no shield)
rNeg     . . .     Faith    .   e - +0 robe
rPois    .         Spirit   .   (helmet restricted)
rElec    .         Reflect  +   (no cloak)
rCorr    .         Harm     .   (gloves unavailable)
MR       .....                  (boots unavailable)
Stlth    +.........             z - +2 amulet of reflection
HPRegen  0.12/turn              (no ring)
MPRegen  0.09/turn              (no ring)

@: lethally poisoned (0 -> -6)
A: large, unfitting armour, tough skin 1
a: no special abilities


You were on level 2 of the Dungeon.
You were not hungry.

You visited 1 branch of the dungeon, and saw 2 of its levels.

You collected 17 gold pieces.

Inventory:

Hand Weapons
 a - a +0 whip (weapon)
Missiles
 c - 4 large rocks
 d - a throwing net (quivered)
 h - 54 stones
Armour
 e - a +0 robe (worn)
Jewellery
 z - a +2 amulet of reflection (around neck)
Potions
 i - a potion of flight
Comestibles
 f - 2 rations


   Skills:
 + Level 2.8 Fighting
 * Level 3.4 Throwing
 - Level 1.7 Dodging
 - Level 1.2 Spellcasting
 - Level 2.6 Hexes


You had 3 spell levels left.
You knew the following spells:

 Your Spells              Type           Power        Failure   Level  Hunger
z - Corona                Hex            #......      9%          1    ##.....

Your spell library contained the following spells:

 Spells                   Type           Power        Failure   Level  Hunger
 Cause Fear               Hex            #.........   65%         4    #####..
 Slow                     Hex            #.......     13%         2    ###....
 Portal Projectile        Hex/Tloc       #.....       41%         3    ####...
 Leda's Liquefaction      Hex/Erth       #.........   83%         4    #####..
 Inner Flame              Hex/Fire       #.......     41%         3    ####...


Dungeon Overview and Level Annotations

Branches:
Dungeon (2/15)

Altars:

Annotations:
D:2 Sigmund


Innate Abilities, Weirdness & Mutations

You are too large for most types of armour.
You have tough skin. (AC +1)


Message History

As you read the scroll labeled SYMOLY VIDA, it crumbles to dust.
It is a scroll of identify.
i - a potion of flight
As you read the scroll labeled ANEUMN UQOD, it crumbles to dust.
You hear the tinkle of a tiny bell.
It was a scroll of random uselessness.
You see here an adder corpse.
Your magical contamination has completely faded away.
You see here an adder corpse.
There is a stone staircase leading down here.
You climb downwards.
Level annotation: Sigmund Sigmund points at you and mumbles some strange words.
You are confused.
Sigmund hits you with a scythe of holy wrath!
* * * LOW HITPOINT WARNING * * *
There is a stone staircase leading up, spattered with blood here.
Fire/throw which item? (* to show all) (? for menu, Esc to quit)
You throw a throwing net. Sigmund barely misses you.
Sigmund mumbles some strange words.
Sigmund flickers and vanishes!
A magic dart appears from out of thin air!
The magic dart hits you!
* * * LOW HITPOINT WARNING * * *
You bump into the rock wall.
You bump into the rock wall.
You feel less confused.
A magic dart appears from out of thin air!
The magic dart hits you!
* * * LOW HITPOINT WARNING * * *
The adder bites you but does no damage.
You see here a throwing net.
d - a throwing net The adder barely misses you.
Something hits you but does no damage. The adder bites you.
* * * LOW HITPOINT WARNING * * *
You are lethally poisoned!
The adder poisons you!
You die...

######## #.......## ###
#######..># #...###.#
......#.).# #.@##.#
......#...# ##....#
......#...# #.S#.#
......##†########.#.##
...............S<....#
......##.#######..........
......##...# #..##...###
#########''# #..# ##.#
..... ...# .#


You could see an adder.

Vanquished Creatures
  Jessica (D:2)
  An adder (D:1)
  A leopard gecko (D:2)
  A bat (D:2)
  A giant cockroach (D:2)
  4 jackals (D:1)
  A frilled lizard (D:2)
  5 rats
15 creatures vanquished.

Notes
Turn   | Place    | Note
-------+----------+-------------------------------------------
     0 | D:1      | glosham the Ogre Arcane Marksman began the quest for the Orb.
     0 | D:1      | Reached XP level 1. HP: 19/19 MP: 2/2
     2 | D:1      | Noticed a merfolk
     2 | D:1      | Noticed a ghoul
     4 | D:1      | Noticed a tengu
     4 | D:1      | Noticed a vine stalker
     6 | D:1      | Noticed a human
     6 | D:1      | Noticed an ogre
     8 | D:1      | Noticed a spriggan
    10 | D:1      | Noticed a gargoyle
    10 | D:1      | Noticed a demonspawn
    12 | D:1      | Noticed an elf
    12 | D:1      | Noticed a formicid
    14 | D:1      | Noticed a troll
    16 | D:1      | Noticed a vampire
    16 | D:1      | Noticed a dwarf
    18 | D:1      | Noticed a naga
    20 | D:1      | Noticed a centaur
    20 | D:1      | Noticed a minotaur
    22 | D:1      | Noticed a felid
    24 | D:1      | Noticed an octopode
    24 | D:1      | Noticed a halfling
    26 | D:1      | Noticed a demigod
    26 | D:1      | Noticed a draconian
   114 | D:1      | Reached XP level 2. HP: 19/28 MP: 0/3
   162 | D:2      | Reached skill level 2 in Fighting
   205 | D:2      | Noticed Jessica
   206 | D:2      | Killed Jessica
   206 | D:2      | Reached skill level 3 in Throwing
   206 | D:2      | Reached XP level 3. HP: 27/36 MP: 1/4
   226 | D:2      | Noticed Sigmund
   312 | D:2      | HP: 1/36 [something/magic dart (6)]
   316 | D:2      | Succumbed to an adder's poison

Vault maps used:
D:1:      kb_arrival_jail, kennysheep_decorative_pillar
D:2:      minmay_diamond_boxcup, kennysheep_generic_room_15, uniq_sigmund,
          uniq_natasha, uniq_jessica

Skill      XL: |  1  2 |
---------------+-------+-----
Fighting       | 2 |  2.8
Throwing       | 3 |  3.4
Dodging        | |  1.7
Spellcasting   | |  1.2
Hexes          | |  2.6

Action                   || total
-------------------------++-------
Melee: Whip              ||    49
       Unarmed           ||     4
Throw: Large rock        ||     1
       Throwing net      ||     2
 Cast: Corona            ||    14
  Use: Scroll            ||     2
Armor: Robe              ||    24
Dodge: Dodged            ||    37
Block: Other             ||     1

Table legend:
 A = Spawn XP
 B = Non-spawn XP
 C = Spawn XP percentage of total XP
 D = Spawn monster count
 E = Non-spawn monster count
 F = Spawn count percentage of total count
 G = Total turns spent on level
                    A         B        C        D         E        F      G
               +---------+---------+-------+---------+---------+-------+---------
         Total |       0 |      71 |   0.0 |       0 |      15 |   0.0 |   316
               +---------+---------+-------+---------+---------+-------+---------
           D:1 |       0 |      24 |   0.0 |       0 |       8 |   0.0 |   187
           D:2 |       0 |      47 |   0.0 |       0 |       7 |   0.0 |   129
               +---------+---------+-------+---------+---------+-------+---------

Table legend:
 A = Turns spent in this place as a percentage of turns spent in the entire game.
 B = Non-inter-level travel turns spent in this place as a percentage of non-inter-level travel turns spent in the entire game.
 C = Inter-level travel turns spent in this place as a percentage of turns spent in this place.
 D = Turns resting spent in this place as a percentage of non-inter-level travel turns spent in this place.
 E = Turns spent auto-exploring this place as a percentage of non-inter-level travel turns spent in this place.
 F = Non-inter-level travel turns spent in this place divided by the number of levels of this place that you've seen.
                   A       B       C       D       E      F
               +-------+-------+-------+-------+-------+----------------------
         Total | 100.0 | 100.0 |   0.0 |   0.0 |   0.0 | 158.0
       Dungeon | 100.0 | 100.0 |   0.0 |   0.0 |   0.0 | 158.0
               +-------+-------+-------+-------+-------+----------------------

Table legend:
 A = Kills in this place as a percentage of kills in entire the game.
 B = Kills by you in this place as a percentage of kills by you in the entire game.
 C = Kills by friends in this place as a percentage of kills by friends in the entire game.
 D = Other kills in this place as a percentage of other kills in the entire game.
 E = Experience gained in this place as a percentage of experience gained in the entire game.
 F = Experience gained in this place divided by the number of levels of this place that you have seen.
                   A       B       C       D       E      F
               +-------+-------+-------+-------+-------+----------------------
         Total | 100.0 | 100.0 |   N/A |   N/A | 100.0 |  35.5
       Dungeon | 100.0 | 100.0 |   N/A |   N/A | 100.0 |  35.5
               +-------+-------+-------+-------+-------+----------------------

Vault maps used:
D:1:      kb_arrival_jail, kennysheep_decorative_pillar
D:2:      minmay_diamond_boxcup, kennysheep_generic_room_15, uniq_sigmund,
          uniq_natasha, uniq_jessica
